 Dungeon Crawl Stone Soup version 0.28.0-1-gb440e238dd (webtiles) character file.

Game seed: 539104903543692316

103 pkoi the Ruffian (level 4, -2/35 HPs)
             Began as a Draconian Transmuter on Feb 22, 2022.
             Slain by an orc (10 damage)
             ... on level 3 of the Dungeon.
             The game lasted 00:03:25 (2330 turns).

pkoi the Ruffian (Draconian Transmuter)             Turns: 2330, Time: 00:03:26

Health: -2/35      AC:  5    Str: 13    XL:     4   Next: 51%
Magic:  7/7        EV: 12    Int: 15    God:
Gold:   76         SH:  0    Dex: 11    Spells: 6/7 levels left

rFire   . . .      SeeInvis .     - Unarmed
rCold   . . .      Faith    .   (no shield)
rNeg    . . .      Spirit   .   (armour unavailable)
rPois   +          Reflect  .   (helmet restricted)
rElec   .          Harm     .   (no cloak)
rCorr   +          Rampage  .   (no gloves)
Will    .....                   (no boots)
Stlth   +.........              (no amulet)
HPRegen 0.11/turn               a - ring of poison resistance
MPRegen 0.10/turn               f - ring of resist corrosion

@: no status effects
A: AC +5, unfitting armour, cold-blooded
a: no special abilities


You were on level 3 of the Dungeon.
You visited 1 branch of the dungeon, and saw 3 of its levels.

You collected 76 gold pieces.

Inventory:

Jewellery
 a - a ring of poison resistance (left hand)
 f - a ring of resist corrosion (right hand)
Scrolls
 b - 2 scrolls of identify
 c - a scroll of fear {unknown}
Potions
 e - a potion of haste


   Skills:
 - Level 1.1 Fighting
 - Level 1.7 Dodging
 + Level 5.3 Unarmed Combat
 - Level 2.0 Spellcasting
 - Level 2.0 Transmutations


You had 6 spell levels left.
You knew the following spells:

 Your Spells              Type           Power      Damage    Failure   Level
a - Beastly Appendage     Tmut           14%        N/A       10%         1

Your spell library contained the following spells:

 Spells                   Type           Power      Damage    Failure   Level
 Wereblood                Tmut           7%         N/A       14%         2
 Spider Form              Tmut/Pois      4%         N/A       41%         3
 Ice Form                 Ice/Tmut       4%         N/A       82%         4


Dungeon Overview and Level Annotations

Branches:
Dungeon (3/15)

Altars:


Innate Abilities, Weirdness & Mutations

Your plain brown scales are hard. (AC +5)
You cannot fit into any form of body armour.
You are cold-blooded and may be slowed by cold attacks.


Message History

The orc priest is severely wounded.
The orc priest barely misses you.
Unknown command.
You hit the orc priest but do no damage.
You headbutt the orc priest.
You kill the orc priest!
There is an open door here.
Things that are here:
a +0 hand axe; an orc corpse You closely miss the orc.
The orc hits you with a +0 morningstar.
* * * LOW HITPOINT WARNING * * *
You hit the orc. You claw the orc, but do no damage.
The orc is moderately wounded.
The orc hits you with a +0 morningstar!
* * * LOW HITPOINT WARNING * * *
You hit the orc but do no damage. Your headbutt misses the orc.
Your tail-slap misses the orc.
The orc is moderately wounded.
Your horns disappear.
Your talons disappear.
The orc hits you with a +0 morningstar.
* * * LOW HITPOINT WARNING * * *
You hit the orc but do no damage.
Your tail-slap misses the orc.
The orc is moderately wounded.
The orc hits you but does no damage.
You hit the orc.
Your tail-slap misses the orc.
Your punch misses the orc.
The orc is heavily wounded.
The orc closely misses you.
Unknown command.
You closely miss the orc.
The orc is heavily wounded.
The orc completely misses you.
Unknown command.
You hit the orc but do no damage. Your punch misses the orc.
The orc is heavily wounded.
The orc hits you with a +0 morningstar.
* * * LOW HITPOINT WARNING * * *
Unknown command.
There is a stone staircase leading up here.
The orc hits you with a +0 morningstar!
You die...

......'.........+...<...#
...####.........####...##
##.รท.....## ##.##
##.....## #..# ##...##
#.## ###)### #.#
##.....## #.#
#.o###..#####.# ####@.#
#........#
#.[...###..#######
#..........#
.....(......#.#
####.....#.##.#
#.....####.# ####.## #.#
#.. ..# ### ###


You could see an orc.

Vanquished Creatures
  An orc priest (D:3)
  3 adders
  A worm (D:2)
  A dart slug (D:1)
  An orc (D:3)
  5 bats
  3 endoplasms (D:2)
  3 giant cockroaches
  A goblin (D:2)
  2 hobgoblins
  4 jackals (D:1)
  4 ball pythons
  6 frilled lizards
  5 kobolds
  4 rats
44 creatures vanquished.

Notes
Turn   | Place    | Note
-------+----------+-------------------------------------------
     0 | D:1      | pkoi the Draconian Transmuter began the quest for the Orb.
     0 | D:1      | Reached XP level 1. HP: 16/16 MP: 3/3
   218 | D:1      | Reached XP level 2. HP: 21/23 MP: 3/5
   433 | D:1      | Reached skill level 4 in Unarmed Combat
   755 | D:1      | Found a faded altar of an unknown god.
  1180 | D:2      | Reached XP level 3. HP: 28/28 MP: 3/6
  1972 | D:3      | Reached skill level 5 in Unarmed Combat
  1972 | D:3      | Reached XP level 4. HP: 16/35 MP: 4/7
  2330 | D:3      | Slain by an orc

Illustrated notes

Levels and vault maps discovered:
D:1:      lightli_arrival_farm, layout_basic, shapermc_ecumenical_altar_petra
D:2:      layout_rooms
D:3:      layout_loops_corners

Skill      XL: |  1  2  3 |
---------------+----------+-----
Unarmed Combat | 4 5 |  5.3
Fighting       | |  1.1
Dodging        | |  1.7
Spellcasting   | |  2.0
Transmutations | |  2.0

Action                   |  1- 3 |  4- 6 || total
-------------------------+-------+-------++-------
Melee: Unarmed           |   138 |    19 ||   157
       Kick              |    14 |     3 ||    17
       Headbutt          |     6 |     2 ||     8
       Tailslap          |     7 |       ||     7
       Punch             |     3 |     1 ||     4
 Cast: Beastly Appendage |    11 |     2 ||    13
  Use: Scroll            |     4 |       ||     4
Armor: Skin              |    54 |     3 ||    57
Dodge: Dodged            |   100 |     9 ||   109
